 Dungeon Crawl Stone Soup version 0.19-a0-14-gde87d98 (webtiles) character file.

8 M4edhros the Grave Robber (level 2, 0/17 HPs)
             Began as an Octopode Necromancer on Apr 29, 2016.
             Slain by a goblin
             ... wielding a +0 club
              (5 damage)
             ... on level 1 of the Dungeon.
             The game lasted 00:01:22 (205 turns).

M4edhros the Grave Robber (Octopode Necromancer)     Turns: 205, Time: 00:01:23

Health: 0/17       AC:  1    Str:  7    XL:     2   Next: 8%
Magic:  0/5        EV: 12    Int: 17    God:
Gold:   42         SH:  0    Dex: 12    Spells: 1 memorised, 4 levels left

rFire  . . .     SeeInvis .       - Unarmed
rCold  . . .     Gourm    .     (no shield)
rNeg   . . .     Faith    .     (helmet restricted)
rPois  .         Spirit   +     i - amulet of guardian spirit
rElec  .         Dismiss  .     (no ring)
rCorr  .         Reflect  .     (no ring)
SustAt .         Harm     .     (no ring)
MR     .....                    (no ring)
Stlth  +++.......               (no ring)
                                (no ring)
                                (no ring)
                                (no ring)

@: not resistant to hostile enchantments, fairly stealthy
A: almost no armour, amphibious, 8 rings, constrict 8, camouflage 1, gelatinous
body 1
a: no special abilities


You were on level 1 of the Dungeon.
You were not hungry.

You visited 1 branch of the dungeon, and saw 1 of its levels.

You collected 42 gold pieces.

Inventory:

Missiles
 g - 21 stones (quivered)
Jewellery
 i - an amulet of guardian spirit (around mantle)
Scrolls
 f - a scroll of remove curse {unknown}
Potions
 d - a potion of mutation {unknown}
 e - a potion of curing {unknown}
 h - a potion of lignification {unknown}
Books
 a - a book of Necromancy

   Spells                             Type                      Level
   a - Pain                           Necromancy                   1
   b - Animate Skeleton               Necromancy                   1
   c - Vampiric Draining              Necromancy                   3
   d - Regeneration                   Charms/Necromancy            3
   e - Animate Dead                   Necromancy                   4
   f - Control Undead                 Necromancy                   4
Comestibles
 b - a bread ration
 c - a chunk of flesh


   Skills:
 - Level 2.0 Dodging
 - Level 2.6 Stealth
 + Level 1.6 Unarmed Combat
 - Level 2.0 Spellcasting
 - Level 4.0 Necromancy


You had 4 spell levels left.
You knew the following spells:

 Your Spells              Type           Power        Failure   Level  Hunger
a - Pain                  Necr           ###.         3%          1    #......


Dungeon Overview and Level Annotations

Branches:
Dungeon (1/15)

Altars:


Innate Abilities, Weirdness & Mutations

You cannot wear most types of armour.
You are amphibious.
You can wear up to eight rings at the same time.
You can use your tentacles to constrict eight enemies at once.
Your skin changes colour to match your surroundings (Stealth).
Your rubbery body absorbs attacks (AC +1).


Message History

i - a dented lapis lazuli amulet Put on which piece of jewellery? (? for menu, Esc to quit)
You feel your power drawn to a protective spirit.
i - an amulet of guardian spirit (around mantle)
The goblin shouts!
Casting: Pain
Confirm with . or Enter, or press ? or * to list all spells.
Aiming: Pain
Press: ? - help, Shift-Dir - straight line, f - rat
Aim: a rat (chance to defeat MR: 92%)
The rat convulses in agony!
You kill the rat!
Found a dagger.
Casting: Pain
Confirm with . or Enter, or press ? or * to list all spells.
Aiming: Pain
Press: ? - help, Shift-Dir - straight line, f - goblin
Aim: a goblin, wielding a club (chance to defeat MR: 92%)
The goblin barely resists.
The goblin hits you with a club.
You die...

..# #.r.....# ... ..#
#.......# ...... ..#
#..r....## .....)
..#########..## ......
.).......###..####.[...
...#####...##........!#
....# ###.........#.
#.#.# #####..g.##.#
#.#.# #...#@....# #.#.#
#...##....### ..#..#
#..#....##...# ..##.##
.. ..#### ##..# ..#...
...# ... #...# .#
####################
#..# ...
#<...#.#.#.≈..##..≈§
#..# #..
#..#..#.....#.##≈[.§
..###..
#####.#####..####.##.≈.≈


You could see a goblin.

Vanquished Creatures
  A worm (D:1)
  A ball python (D:1)
  2 kobolds (D:1)
  2 rats (D:1)
6 creatures vanquished.

Notes
Turn   | Place    | Note
--------------------------------------------------------------
     0 | D:1      | M4edhros the Octopode Necromancer began the quest for the Orb.
     0 | D:1      | Reached XP level 1. HP: 11/11 MP: 3/3
    20 | D:1      | Reached skill level 1 in Unarmed Combat
   167 | D:1      | Reached XP level 2. HP: 6/17 MP: 0/5
   205 | D:1      | Slain by a goblin

Vault maps used:
D:1:      dpeg_arrival_brainrot, minmay_misc_feat_cross, minivault_5,
          minmay_misc_feat_nine_boxes, kennysheep_pointless_box

Skill      XL: |  1 |
---------------+----+-----
Unarmed Combat | 1 |  1.6
Dodging        | |  2.0
Stealth        | |  2.6
Spellcasting   | |  2.0
Necromancy     | |  4.0

Action                   || total
-------------------------++-------
Melee: Unarmed           ||     6
       Constrict         ||     1
       Tentacles         ||     1
 Cast: Pain              ||    11
Dodge: Dodged            ||     6
